[Event "*** Titled Tuesday Blitz"]
[Site "Chess.com"]
[Date "2020.12.01"]
[Round "3"]
[White "Mbneu"]
[Black "catzapto"]
[Result "1-0"]
[WhiteElo "2323"]
[BlackElo "2122"]
[TimeControl "180+1"]
[EndTime "10:29:05 PST"]
[Termination "Mbneu won on time"]

1. d4 Nf6 2. c4 e6 3. Nc3 c6 4.
e4 Bb4 5. e5 Ne4 6. Bd2 Nxd2 7.
Qxd2 d5 8. Nf3 O-O 9. a3 Be7 10. h4 h6 11. Bd3 dxc4 12. Bxc4 b5 13. Bd3 Bb7 14. Ne4 a6 15. Rd1 Nd7 16. Qf4 c5 17. g4 cxd4 18. g5 h5 19. Nf6+ Bxf6 20. gxf6 Nxf6 21.
exf6 Qxf6 22. Qxf6 gxf6 23. Ke2 e5 24. Rhg1+ Kh8 25. Nd2 Rg8 26. Be4 Rab8 27. Bxb7 Rxb7 28. Ne4 Rb6 29. Rxg8+ Kxg8 30. Ng3 Kg7 31. Nxh5+ Kg6 32. Ng3 f5 33. Rc1 f4 34. Ne4 f5 35. Nc5 e4 36.
f3 Rc6 37. fxe4 fxe4 38. Rg1+ Kh5 39. Nxe4 Rc2+ 40. Kf3 Rxb2 41. Kxf4 d3 42. Nf6+ Kh6 43. Ng4+ Kh5 44. Rd1 d2 45. Ne3 a5 46. Ng2 b4 47.
axb4 axb4 48. Ke3 b3 49. Rxd2 Rb1 50. Kd3 Rf1 51. Kc3 Rf3+ 52. Kb2 Kg4 53. Rd4+ Kg3 54. Ne1 Re3 55. Nd3 1-0

[Event "*** Titled Tuesday Blitz"]
[Site "Chess.com"]
[Date "2020.12.01"]
[Round "3"]
[White "LawrenceTrent"]
[Black "Kaua18"]
[Result "0-1"]
[WhiteElo "2514"]
[BlackElo "2334"]
[TimeControl "180+1"]
[EndTime "10:29:06 PST"]
[Termination "Kaua18 won by resignation"]

1. c4 c5 2. Nc3 Nc6 3. g3 g6 4. Bg2 Bg7 5. e3 e5 6. Nge2 Nge7 7. O-O O-O 8. Rb1 d6 9. a3 a5 10. d3 Be6 11. f4 d5 12. cxd5 Nxd5 13. Nxd5 Bxd5 14.
Bxd5 Qxd5 15. e4 Qd6 16. Nc3 Rfd8 17. Nd5 Ne7 18. Nxe7+ Qxe7 19. f5 c4 20. Qg4 Qc5+ 21.
Kg2 cxd3 22. Bg5 Rd4 23. Rbc1 Qb6 24. f6 Bf8 25. Be3 Qxb2+ 26. Rf2 d2 27. Rd1 Rd3 28. Rdxd2 Rxd2 29. Bxd2 Qxa3 30. h4 h5 31. Qe2 Rd8 32.
Be1 b6 33. g4 Qd3 34. gxh5 Qxe2 35. Rxe2 gxh5 36. Rf2 Bh6 37. Rf5 Rd6 38. Bg3 Bf4 39.
Bxf4 exf4 40. e5 Rd3 41. Rg5+ Kf8 42. Rxh5 Rg3+ 43. Kf2 a4 44. Rf5 Rg4 45. e6 fxe6 46.
Rb5 Kf7 47. Rxb6 Kxf6 48. Ra6 Rxh4 49. Rxa4 Kf5 50. Ra5+ e5 51. Ra8 Rh3 52. Kg2 Re3 53. Kf2 Rb3 54. Rf8+ Ke4 55. Rh8 Rb2+ 56. Ke1 Ke3 57. Rc8 Rb1+ 0-1

[Event "*** Titled Tuesday Blitz"]
[Site "Chess.com"]
[Date "2020.12.01"]
[Round "3"]
[White "KetiTsatsalashvili"]
[Black "GianmarcoVaR"]
[Result "0-1"]
[WhiteElo "2342"]
[BlackElo "2651"]
[TimeControl "180+1"]
[EndTime "10:29:07 PST"]
[Termination "GianmarcoVaR won on time"]

1. Nf3 Nf6 2. d4 g6 3. c4 Bg7 4. Nc3 O-O 5. e4 d6 6. Be2 e5 7.
O-O Nc6 8. dxe5 dxe5 9. Bg5 Be6 10. Nd5 Re8 11. h3 Bxd5 12. cxd5 Nd4 13. Nxd4 exd4 14. f3 c6 15. Bc4 Qb6 16. Qb3 cxd5 17. exd5 Nd7 18.
Rfe1 Qc5 19. Kh1 Nb6 20. Rxe8+ Rxe8 21. Bb5 Re5 22. Bf4 Rxd5 23. Bd3 Qe7 24. a4 Qd7 25.
a5 Nc8 26. Bc4 Rc5 27. Re1 a6 28. Bd3 Bf8 29. Bc4 Bd6 30. Bh6 Bf8 31. Bxf8 Kxf8 32.
Bd3 Qc7 33. Rd1 Nd6 34. Be4 Nxe4 35. fxe4 Qxa5 36. Qd3 Qb6 37. Qxd4 Qc7 38. Qd3 Rc1 39. Qd4 Rxd1+ 40. Qxd1 Qe5 41. Qe2 Kg7 42. Kg1 h5 43. Kh1 b5 44. Kg1 a5 45. Kh1 a4 46. Qd3 Qxb2 47.
Qd7 Qe5 48. Qb7 a3 49. Qa8 b4 50. Qa4 Qa1+ 51. Kh2 Qe5+ 52. Kh1 Qxe4 53. Qb3 Qe5 0-1

[Event "*** Titled Tuesday Blitz"]
[Site "Chess.com"]
[Date "2020.12.01"]
[Round "3"]
[White "maheswaran26"]
[Black "WelshTiger"]
[Result "1-0"]
[WhiteElo "2180"]
[BlackElo "2455"]
[TimeControl "180+1"]
[EndTime "10:29:08 PST"]
[Termination "maheswaran26 won on time"]

1. d4 c5 2. d5 e6 3. Nc3 Nf6 4. Bg5 Qa5 5. Bxf6 gxf6 6. e4 Bh6 7.
Nf3 O-O 8. a4 Qb4 9. Rb1 d6 10.
Be2 exd5 11. Qxd5 Nc6 12. Qxd6 Be6 13. O-O Kh8 14. Qg3 Rg8 15. Qh4 Rg6 16. Nd5 Qxa4 17. Nxf6 Nd4 18. Nxd4 Qxd4 19. Nh5 Bg5 20. Qg3 Rag8 21.
Qc3 Bf6 22. Nxf6 Rxf6 23. Qxd4 cxd4 24. f4 Bh3 25. Rf2 Bg4 26. Bd3 Rb6 27. b3 Bd7 28. Ra1 a6 29. e5 Bc6 30. Kf1 Rc8 31. g3 Bd5 32. Ra5 Bc6 33. Ke1 Rd8 34. Kd2 Kg7 35. Rc5 Ra8 36. Ra5 Rd8 37. f5 h6 38.
g4 Kf8 39. h4 Ke7 40. g5 hxg5 41. hxg5 Rg8 42. f6+ Kd7 43. g6 fxg6 44. Bc4 Rf8 45. e6+ Kd6 46. e7 Rh8 47. Rg5 Be8 48. f7 Kxe7 49.
fxe8=Q+ Kxe8 50. Bf7+ Ke7 51. Rxg6 Rxg6 52. Bxg6 Kd6 53.
Bd3 Kc5 54. Kc1 Rh4 55. Kb2 b6 56. Rf5+ 1-0

[Event "*** Titled Tuesday Blitz"]
[Site "Chess.com"]
[Date "2020.12.01"]
[Round "3"]
[White "annacramling"]
[Black "vanyakuba"]
[Result "0-1"]
[WhiteElo "2127"]
[BlackElo "2470"]
[TimeControl "180+1"]
[EndTime "10:29:10 PST"]
[Termination "vanyakuba won on time"]

1. d4 d5 2. c4 e6 3. Nc3 c5 4. e3 Nf6 5. Nf3 Nc6 6. Be2 a6 7. cxd5 exd5 8. O-O cxd4 9. Nxd4 Bd6 10. Bf3 Bc7 11. Nxc6 bxc6 12. e4 d4 13. e5 dxc3 14.
Bxc6+ Bd7 15. Bxa8 Ng4 16. Be4 Qh4 17. h3 Nxe5 18.
Re1 O-O 19. f4 Rd8 20. Qe2 Bb5 21. Qf2 Bb6 22. Be3 Bxe3 23. Qxe3 Nc4 24. Qxc3 Qh5 25.
Bf3 Qh6 26. Qc2 Nd2 27. Red1 Qxf4 28. Rxd2 Qxd2 29. Qxd2 Rxd2 30. Re1 g6 31. Bd5 Rxb2 32. Bb3 Kg7 33. Rd1 Kh6 34. Rd8 f5 35. Kh2 Kg5 36. Rd5 h5 37. Kg3 h4+ 38. Kf3 Bf1 39. Rd4 Bxg2+ 40. Ke3 Bxh3 41. Bf7 Bg4 42. Rd6 Bh5 43.
Be8 h3 44. Rxa6 h2 45. Bc6 Rc2 46. Bd5 Rc1 47. Kf2 h1=Q 48. Bxh1 Rxh1 49. a4 Rh2+ 50. Ke3 Ra2 51. a5 f4+ 52. Ke4 f3 53. Ra8 f2 54. Rf8 Bg4 0-1

[Event "*** Titled Tuesday Blitz"]
[Site "Chess.com"]
[Date "2020.12.01"]
[Round "3"]
[White "Sam_ChessMood"]
[Black "nocnypako"]
[Result "1/2-1/2"]
[WhiteElo "2828"]
[BlackElo "2581"]
[TimeControl "180+1"]
[EndTime "10:29:11 PST"]
[Termination "Game drawn by repetition"]

1. d4 Nf6 2. c4 g6 3. Nc3 d5 4.
Nf3 Bg7 5. Qb3 dxc4 6. Qxc4 O-O 7. e4 a6 8. e5 b5 9. Qb3 Nfd7 10. e6 fxe6 11. Qxe6+ Kh8 12. Qd5 Nb6 13. Qxd8 Rxd8 14. Bf4 Ra7 15. O-O-O Bg4 16. Ne5 Bxd1 17. Nf7+ Kg8 18.
Nxd8 Bg4 19. Bd3 Bxd4 20. Re1 Kf8 21. f3 Bd7 22. Bc2 b4 23. Nd1 Nd5 24. Bh6+ Ke8 25. Ne6 Bxe6 26. Rxe6 Kf7 27. Re4 Bf6 28. Ne3 e6 29.
Nxd5 exd5 30. Rxb4 Nc6 31. Rf4 Ke7 32. Bf8+ Ke6 33.
Bh6 Ne5 34. Ra4 c5 35. Bf4 c4 36. b3 c3 37. Bxe5 Bxe5 38. f4 Bf6 39. Bd3 a5 40. b4 Bd8 41. Kc2 Bb6 42. b5 d4 43.
Rc4 Rc7 44. Rxc7 Bxc7 45. g3 Kd5 46. h4 Kc5 47. Kb3 Bd6 48. a4 Be7 49. f5 gxf5 50.
Bxf5 h6 51. Bd3 Bd6 52. g4 Be7 53. h5 Bg5 54. Be4 Bd8 55. Bd3 Bg5 56. Bf5 Bd8 57. Bd3 Bg5 1/2-1/2

[Event "*** Titled Tuesday Blitz"]
[Site "Chess.com"]
[Date "2020.12.01"]
[Round "3"]
[White "TudorAnton"]
[Black "Beca95"]
[Result "1-0"]
[WhiteElo "2473"]
[BlackElo "2888"]
[TimeControl "180+1"]
[EndTime "10:29:11 PST"]
[Termination "TudorAnton won on time"]

1. d4 g6 2. e4 Bg7 3. Nf3 d6 4. Bc4 Nf6 5. Qe2 O-O 6. h3 Nc6 7. O-O e5 8. dxe5 Nxe5 9. Nxe5 dxe5 10. Nc3 c6 11. Bb3 Qe7 12. Bg5 h6 13. Bh4 Kh7 14.
Nd1 a5 15. a3 Be6 16. Bxe6 Qxe6 17. Bxf6 Bxf6 18. Ne3 a4 19. Qc4 Qxc4 20. Nxc4 b5 21. Ne3 Rfd8 22. Rad1 Be7 23. g4 Rd4 24. Rxd4 exd4 25.
Ng2 c5 26. Rd1 g5 27. Kf1 Rd8 28. Ke2 c4 29. f4 c3 30. bxc3 dxc3 31. Rxd8 Bxd8 32.
Kd3 Be7 33. Kxc3 Bxa3 34. f5 Kg7 35. Ne1 Kf6 36. Nd3 Bd6 37. Kd4 Ke7 38. e5 Bc7 39. Kd5 a3 40. Nb4 Kd7 41. Na2 Ba5 42. Kc5 Bc7 43.
Kxb5 Bxe5 44. c4 Bd4 45. Kb4 Kd6 46. Kxa3 Ke5 47. Nc1 Bg1 48. Ne2 Be3 49. Kb4 Ke4 50. c5 Kf3 51. c6 Bb6 52. Nc3 Kg3 53. Nd5 Bd8 54. Kc5 Kxh3 55. Nf6 Kh4 56. Kd6 Kg3 57. Kd7 Bb6 58. c7 Bxc7 59. Kxc7 Kf4 60. Kd7 h5 61. gxh5 Kxf5 62. Ke7 g4 63. Nxg4 Kg5 64. h6 Kg6 65. Kf8 f5 66. Kg8 fxg4 67. h7 g3 68. h8=Q Kg5 69. Qh3 1-0

[Event "*** Titled Tuesday Blitz"]
[Site "Chess.com"]
[Date "2020.12.01"]
[Round "3"]
[White "beto-betun"]
[Black "AsaHoffmann"]
[Result "0-1"]
[WhiteElo "2203"]
[BlackElo "2383"]
[TimeControl "180+1"]
[EndTime "10:29:11 PST"]
[Termination "AsaHoffmann won on time"]

1. d4 Nf6 2. Nf3 d6 3. g3 c6 4.
Bg2 Bf5 5. c4 h6 6. O-O Nbd7 7.
b3 e5 8. Bb2 e4 9. Nh4 Bh7 10. f4 d5 11. e3 Be7 12. Bh3 O-O 13.
Nd2 a6 14. Nf5 Re8 15. Nxe7+ Qxe7 16. g4 Kh8 17. Kh1 b5 18. c5 a5 19. Rg1 Ng8 20. Qe1 Nf8 21. Qg3 a4 22. b4 a3 23. Bc3 Ra7 24. Rg2 f5 25. Rag1 Qe6 26. g5 Ree7 27. Qh4 Qf7 28. Nb3 Re6 29. Qf2 Ng6 30. Rf1 Rc7 31. Rgg1 N8e7 32. Rg2 Kg8 33. Na5 Kf8 34. Rfg1 Ke8 35. Qe1 Kd7 36. Qc1 Ra7 37. Rg3 hxg5 38.
Rxg5 Ng8 39. Bf1 Nf6 40. Be2 Ng4 41. Bxg4 fxg4 42. Qxa3 Ne7 43. Qc1 Bf5 44. Qd1 g6 45.
Rg3 Ra8 46. Kg1 Rh8 47. Kg2 Qh7 48. Qg1 Qh4 49. Nb3 Ng8 50. a4 bxa4 51. Na5 Nf6 52. b5 cxb5 53. c6+ Ke7 54. Bb4+ Kf7 55. c7 Nh5 56. Bc5 Nxf4+ 57. exf4 e3 58. Rxf5+ gxf5 59. Rxe3 Rxe3 60. Nc6 Qh3+ 61. Kh1 Re2 62. Ne5+ Kf6 63.
Nf3 Qxf3+ 0-1

[Event "*** Titled Tuesday Blitz"]
[Site "Chess.com"]
[Date "2020.12.01"]
[Round "3"]
[White "XDPS"]
[Black "gross-aleks"]
[Result "0-1"]
[WhiteElo "2776"]
[BlackElo "2528"]
[TimeControl "180+1"]
[EndTime "10:29:13 PST"]
[Termination "gross-aleks won on time"]

1. e4 e5 2. Nf3 Nf6 3. Nc3 Nc6 4. Be2 Bb4 5. Nd5 Bc5 6. O-O Nxe4 7. c3 Nxf2 8. Rxf2 e4 9. Nd4 Nxd4 10. cxd4 Bxd4 11.
Ne3 Qg5 12. Qa4 c5 13. Kh1 O-O 14. Rf5 Qh6 15. Rf1 d6 16. Nf5 Bxf5 17. Rxf5 Qe6 18. Rf1 d5 19. d3 f5 20. Bf4 a6 21. Qc2 b5 22. Rad1 Rac8 23. Qb1 Bf6 24. dxe4 fxe4 25. h3 Qc6 26. b3 Rce8 27. Bg4 Be5 28. Bxe5 Rxe5 29.
Rxf8+ Kxf8 30. Rf1+ Kg8 31. Qe1 Qd6 32. Qf2 Qe7 33.
b4 c4 34. a3 g6 35. Qd4 Kg7 36. Re1 Kh6 37. Qe3+ Kg7 38. Qd4 h5 39. Re3 hxg4 40. Rg3 Qf6 41. Rxg4 Rg5 42. Qa7+ Kh6 43. Rh4+ Rh5 44.
Qe3+ Qg5 45. Rf4 d4 46. Qxe4 d3 47. Rg4 Qc1+ 48. Kh2 Rg5 49. Rh4+ Kg7 50. Qe7+ Kg8 51. Qe8+ Kg7 52. Qh8+ Kf7 53. Rh7+ Ke6 54. Qc8+ Kd5 55. Rd7+ Ke4 56. Qe8+ Re5 57. Qxg6+ Ke3 58. Qg5+ Rxg5 0-1

[Event "*** Titled Tuesday Blitz"]
[Site "Chess.com"]
[Date "2020.12.01"]
[Round "3"]
[White "Elprofessor21"]
[Black "Margency"]
[Result "0-1"]
[WhiteElo "2405"]
[BlackElo "2674"]
[TimeControl "180+1"]
[EndTime "10:29:14 PST"]
[Termination "Margency won by resignation"]

1. d4 Nf6 2. c4 g6 3. Nf3 Bg7 4. g3 d5 5. Bg2 dxc4 6. O-O O-O 7. Na3 c3 8. bxc3 c5 9. e3 Nc6 10. Bb2 Qb6 11. Qe2 Bf5 12. Rfd1 Rfd8 13. Nc4 Qa6 14.
Bf1 Rac8 15. Nce5 Qxe2 16. Bxe2 Nd5 17. Nxc6 Rxc6 18. c4 Nb6 19. d5 Rcc8 20. Bxg7 Kxg7 21. Nh4 Bd7 22. e4 e5 23. f4 Re8 24. Bd3 Na4 25. Rd2 f6 26. Rf1 a6 27. Rdf2 Rf8 28.
fxe5 fxe5 29. Rxf8 Rxf8 30. Rxf8 Kxf8 31. Nf3 Nc3 32.
Nxe5 Be8 33. d6 Ba4 34. a3 b5 35. cxb5 Bxb5 36. Bxb5 axb5 37. Kg2 Nxe4 38. Kf3 Nxd6 39. Nd7+ Ke7 40. Nxc5 Nc4 41. Nd3 Nxa3 42. Ke4 Kd6 43. h4 Nc4 44. g4 Nd2+ 45. Ke3 Nb3 46. Kf4 Nc5 47. Nb4 Ne6+ 48. Ke4 Kc5 49. Nd3+ Kc4 50.
Ne5+ Kc3 51. Nc6 b4 52. Nxb4 Kxb4 53. Ke5 Nc5 54. Kf6 Ne4+ 55. Kg7 h5 56. g5 Nxg5 57. hxg5 h4 58. Kxg6 h3 59. Kf7 h2 60. g6 h1=Q 61.
g7 Qd5+ 62. Kf8 Qf5+ 63. Ke8 Qg6+ 64. Kf8 Qf6+ 65. Kg8 Kc5 0-1

[Event "*** Titled Tuesday Blitz"]
[Site "Chess.com"]
[Date "2020.12.01"]
[Round "3"]
[White "UCantHandleDenker"]
[Black "Massakru"]
[Result "1-0"]
[WhiteElo "2520"]
[BlackElo "2290"]
[TimeControl "180+1"]
[EndTime "10:29:14 PST"]
[Termination "UCantHandleDenker won on time"]

1. Nf3 d5 2. c4 c6 3. g3 Nd7 4. Bg2 e5 5. O-O e4 6. Nd4 Ngf6 7. cxd5 cxd5 8. d3 Be7 9. Nc3 O-O 10. dxe4 dxe4 11.
Nxe4 Nxe4 12. Bxe4 Bf6 13. Bg2 Qb6 14. Nb3 Ne5 15.
Be3 Qa6 16. Nc5 Qb5 17. Ne4 Be7 18. a4 Qe8 19. Bd4 Nc6 20. Bc3 Be6 21. Nd6 Qb8 22.
Nb5 Rd8 23. Qc2 a6 24. Na3 Nd4 25. Qe4 Nc6 26. Rad1 Qc7 27. Nc4 Re8 28. Ne5 Nxe5 29. Qxe5 Qxe5 30. Bxe5 Bb3 31. Rd7 Bxa4 32. Rxb7 Rad8 33.
Bc3 Bb5 34. Re1 Bc5 35. e3 Rd6 36. Bf1 Bc6 37. Rc7 Red8 38. Bg2 Bxg2 39. Kxg2 Bb6 40. Rb7 h5 41. h4 g6 42. Be5 Rc6 43. Ra1 Re8 44.
Rxa6 Rxe5 45. Rbxb6 Rxb6 46. Rxb6 Rc5 47. b4 Rc3 48.
Rb7 Kg7 49. b5 Rb3 50. Kf3 Kf6 51. Rb6+ Ke7 52. Rb7+ Ke6 53. Kf4 Rb4+ 54. e4 f5 55. f3 fxe4 56. fxe4 Rb1 57. Rb6+ Kf7 58. Kg5 Rf1 59.
Rb7+ Ke6 60. Kxg6 Rf3 61. Kxh5 Rxg3 62. b6 Ke5 63. Rb8 1-0

[Event "*** Titled Tuesday Blitz"]
[Site "Chess.com"]
[Date "2020.12.01"]
[Round "3"]
[White "JoachimMouhamad"]
[Black "chessmachine14"]
[Result "0-1"]
[WhiteElo "2397"]
[BlackElo "2244"]
[TimeControl "180+1"]
[EndTime "10:29:14 PST"]
[Termination "chessmachine14 won by checkmate"]

1. e4 c5 2. Nf3 e6 3. d4 cxd4 4.
Nxd4 Nf6 5. Nc3 d6 6. g4 h6 7. h4 Nc6 8. Rg1 h5 9. g5 Ng4 10. f3 Qb6 11. Ncb5 a6 12. fxg4 axb5 13. Be3 e5 14. Nf5 Qa5+ 15. Bd2 Qa4 16. Bd3 hxg4 17.
Qe2 Bxf5 18. exf5 Nd4 19. Qxg4 Rxh4 20. Qg2 Nxc2+ 21. Bxc2 Qxc2 22. Be3 Qxg2 23. Rxg2 Re4 24.
Kd2 Rc8 25. Rgg1 d5 26. Rac1 Bb4+ 27. Kd3 Rcc4 28. b3 Rxc1 29. Rxc1 Kd7 30. Rh1 Rg4 31. Rh7 d4 32. Bc1 Bc3 33. f6 e4+ 34. Ke2 gxf6 35. Rxf7+ Ke8 36. Rxb7 fxg5 37. Rxb5 Rg2+ 38. Kf1 Rxa2 39.
Re5+ Kd7 40. Rxe4 Ra1 41. Ke2 Rxc1 42. Rg4 Rb1 43. Rxg5 Rxb3 44. Kd3 Kd6 45. Kc4 Rb4+ 46. Kd3 Rb1 47. Rg6+ Kc5 48. Rg5+ Kb4 49. Rg6 Rd1+ 50.
Kc2 Rd2+ 51. Kc1 Kc4 52. Rc6+ Kd3 53. Re6 Re2 54. Rxe2 Kxe2 55. Kc2 d3+ 56. Kxc3 d2 57. Kb2 d1=Q 58. Ka3 Kd2 59. Kb4 Qc2 60. Ka5 Kc3 61. Kb6 Kd4 62. Ka7 Kc5 63. Ka8 Kc6 64. Kb8 Qb3+ 65.
Kc8 Qg8# 0-1

[Event "*** Titled Tuesday Blitz"]
[Site "Chess.com"]
[Date "2020.12.01"]
[Round "3"]
[White "amiralfio"]
[Black "Ze-Pequeno"]
[Result "1-0"]
[WhiteElo "2487"]
[BlackElo "2191"]
[TimeControl "180+1"]
[EndTime "10:29:18 PST"]
[Termination "amiralfio won on time"]

1. e4 c5 2. Nf3 d6 3. d4 cxd4 4. Nxd4 Nf6 5. Nc3 a6 6. Bd3 g6 7. O-O Bg7 8. f4 O-O 9. Nde2 Nc6 10. Kh1 b5 11. a4 b4 12. Nd5 e6 13. Ne3 Bb7 14. a5 Nxa5 15. f5 Nxe4 16. Bxe4 Bxe4 17. fxe6 fxe6 18. Ng3 Rxf1+ 19. Qxf1 Bb7 20. Ra4 Nc6 21. Qc4 d5 22. Qg4 Qd7 23. Bd2 a5 24. Ra1 Rf8 25.
Re1 Bxb2 26. h4 Bf6 27. h5 Ne5 28. Qh3 g5 29. h6 Bc8 30. Nh5 Bh8 31. Ng4 Ng6 32.
Bxg5 e5 33. Ngf6+ Bxf6 34. Qxd7 Bxd7 35. Nxf6+ Rxf6 36. Bxf6 e4 37. Ra1 a4 38. Rb1 b3 39.
cxb3 axb3 40. Rxb3 Kf7 41. Bd4 Nf4 42. Rb7 Ke6 43. Rb6+ Ke7 44. Bc5+ Kf7 45. Rd6 Be6 46. Be3 Ng6 47. Ra6 Ne7 48. Kh2 Nf5 49. Ra7+ Kg6 50. Bc5 d4 51. g4 Kf6 52. gxf5 Kxf5 53. Bxd4 1-0

[Event "*** Titled Tuesday Blitz"]
[Site "Chess.com"]
[Date "2020.12.01"]
[Round "3"]
[White "Marianov_Podstavnikov"]
[Black "yobdc"]
[Result "1/2-1/2"]
[WhiteElo "2259"]
[BlackElo "2496"]
[TimeControl "180+1"]
[EndTime "10:29:19 PST"]
[Termination "Game drawn - insufficient material"]

1. e4 c6 2. Nf3 d5 3. Nc3 Bg4 4. h3 Bxf3 5. Qxf3 e6 6. d4 dxe4 7. Qe3 Nf6 8. Nxe4 Nxe4 9. Qxe4 Nd7 10. g3 Nf6 11. Qd3 Qd5 12. Rg1 O-O-O 13. Be3 Be7 14. Bg2 Qa5+ 15. c3 Rhe8 16. Ke2 e5 17. Rgc1 exd4 18.
cxd4 Nd5 19. Kf1 g6 20. Bd2 Qb6 21. Bxd5 Rxd5 22. Bc3 Bf6 23. Re1 Red8 24. Qf3 R5d6 25. Rad1 Qb5+ 26. Kg1 Qd5 27. Qg4+ Kb8 28. a3 Ka8 29.
Bb4 R6d7 30. Bc3 h5 31. Qf4 Bg5 32. Qe5 Qxe5 33. Rxe5 Bf6 34. Re4 b5 35. Rf4 Bh8 36. a4 Kb7 37. axb5 cxb5 38. Kg2 f5 39. g4 hxg4 40. hxg4 Rd5 41. gxf5 gxf5 42. Rh1 Bxd4 43. Bxd4 Rxd4 44. Rxf5 Kb6 45. Rh6+ R8d6 46. Rff6 Rxf6 47. Rxf6+ Kc5 48. f4 a5 49. Kg3 a4 50. f5 Kb4 51.
Rb6 Rd2 52. f6 Rd1 53. Kg4 Rf1 54. Kg5 Kc4 55. Kg6 b4 56. f7 Rxf7 57. Kxf7 a3 58. bxa3 bxa3 59. Ra6 Kb3 60. Rxa3+ Kxa3 1/2-1/2

[Event "*** Titled Tuesday Blitz"]
[Site "Chess.com"]
[Date "2020.12.01"]
[Round "3"]
[White "TzoumpasAnastasis"]
[Black "andrzej"]
[Result "1-0"]
[WhiteElo "2221"]
[BlackElo "2377"]
[TimeControl "180+1"]
[EndTime "10:29:21 PST"]
[Termination "TzoumpasAnastasis won on time"]

1. c4 e5 2. Nc3 d6 3. d3 Be7 4. g3 f5 5. Bg2 Nf6 6. Bg5 O-O 7. Qc1 Nbd7 8. h4 h6 9. Bd2 Nc5 10.
Nh3 Ng4 11. b4 Ne6 12. b5 Nc5 13. Bd5+ Kh7 14. f3 Nf6 15. Ng5+ Kh8 16. Nf7+ Rxf7 17. Bxf7 c6 18. bxc6 bxc6 19. Bxh6 Qf8 20. Bxg7+ Qxg7 21.
Nd5 cxd5 22. Bxd5 Nxd5 23. cxd5 Rb8 24. Kf2 e4 25. dxe4 fxe4 26. f4 Bg4 27. h5 Qd4+ 28.
Kf1 Rb2 29. Rh2 Rxe2 30. Rxe2 Bxe2+ 31. Kxe2 Qd3+ 32. Kf2 Qf3+ 33. Kg1 Qxg3+ 34. Kh1 Qf3+ 35. Kh2 Qxh5+ 36. Kg2 Qf3+ 37. Kh2 Qf2+ 38. Kh3 Qh4+ 39. Kg2 Qg4+ 40. Kh2 Bh4 41. Qc3+ Kh7 42. Rf1 Nd3 43. Qc7+ Kh8 44. Qb8+ Kh7 45. Qc7+ Qg7 46. Qxg7+ Kxg7 47. Kh3 Bf6 48. Kg4 e3 49. Kf3 Bd4 50. Rd1 e2 51. Kxe2 Nxf4+ 52. Kf3 Be5 53. Rb1 Nxd5 54. Rb7+ Kf6 55.
Rxa7 Nc3 56. a4 Bd4 57. Ra6 Ke5 58. Ra8 d5 59. a5 Nb5 60. Re8+ Kd6 61. Rd8+ Kc5 62. a6 Be5 63. Rb8 Na7 64. Rb7 Nc6 65. Ke2 d4 66. Rh7 Kd5 67. Rh6 Bb8 68. Kd3 Ba7 69.
Rh7 Bb8 70. Rb7 Ba7 71. Rb5+ Kd6 72. Kc4 Ne5+ 73. Kb3 Nc6 74. Rb7 Kc5 75. Kc2 1-0

[Event "*** Titled Tuesday Blitz"]
[Site "Chess.com"]
[Date "2020.12.01"]
[Round "3"]
[White "Roza_Idrisova"]
[Black "Ajedrez_con_German"]
[Result "1/2-1/2"]
[WhiteElo "2175"]
[BlackElo "2471"]
[TimeControl "180+1"]
[EndTime "10:29:22 PST"]
[Termination "Game drawn by repetition"]

1. d4 d5 2. Nf3 Nf6 3. Bg5 c6 4. c3 Bf5 5. e3 e6 6. Bd3 Bxd3 7.
Qxd3 Be7 8. Nbd2 O-O 9. O-O Nbd7 10. a4 Re8 11. h3 Bd6 12. e4 dxe4 13. Nxe4 Be7 14. Rfd1 Nxe4 15. Bxe7 Nxf2 16. Bxd8 Nxd3 17. Bc7 Nxb2 18. Rdb1 Nc4 19. Rxb7 Nf6 20. Rab1 h6 21. R1b4 Ne3 22. Ne5 Ned5 23. Rb3 Ne7 24. Bd6 Nf5 25. Bc5 Rec8 26. Nxf7 Ne4 27. Ne5 Nd2 28. Rb2 Ne4 29. c4 Nxc5 30. dxc5 a5 31. R2b6 Nd4 32. Rd7 Rd8 33.
Rxd8+ Rxd8 34. Nxc6 Nxc6 35. Rxc6 Rd4 36. Rxe6 Rxc4 37.
c6 Kf7 38. Rd6 Rxa4 39. Rd7+ Kf6 40. Ra7 Rc4 41. c7 a4 42. Kf2 a3 43. Rxa3 Rxc7 44.
Re3 Kf7 45. h4 Re7 46. Ra3 Re6 47. h5 Re7 48. g4 Re4 49. Kf3 Rb4 50. Rc3 Kg8 51.
Ra3 Kh7 52. Rc3 Ra4 53. Rb3 Rc4 54. Ra3 Rb4 55. Rc3 Ra4 56. Rb3 Rc4 57. Ra3 Rc7 58. Rb3 g6 59. hxg6+ Kxg6 60. Kf4 Rf7+ 61. Kg3 Kg5 62. Rb5+ Kg6 63. Kh4 Re7 64. Rb6+ Kg7 65. Rc6 Rf7 66. Rb6 Rd7 67. Ra6 Rd1 68. Ra7+ Kg6 69.
Ra6+ Kg7 70. Ra7+ Kg6 71. Ra6+ Kg7 1/2-1/2

[Event "*** Titled Tuesday Blitz"]
[Site "Chess.com"]
[Date "2020.12.01"]
[Round "3"]
[White "jens1102"]
[Black "ondoko"]
[Result "0-1"]
[WhiteElo "2302"]
[BlackElo "2113"]
[TimeControl "180+1"]
[EndTime "10:29:22 PST"]
[Termination "ondoko won by checkmate"]

1. c4 c6 2. e4 d5 3. exd5 cxd5 4. d4 Nf6 5. Nc3 Nc6 6. Nf3 Bg4 7. cxd5 Nxd5 8. Bc4 Nxc3 9. bxc3 e6 10. O-O Be7 11.
Re1 O-O 12. h3 Bh5 13. Bf4 Rc8 14. Bd3 Na5 15. Qc2 Bg6 16. Ne5 Bxd3 17. Qxd3 Qd5 18. Re3 Nc4 19. Rg3 Nxe5 20. Bxe5 f6 21. Bf4 e5 22. Bh6 Rf7 23. Qf5 Rd8 24. Rd1 exd4 25. Qg4 f5 26. Qh5 d3 27. Rd2 f4 28. Qxd5 Rxd5 29.
Rg4 Bd6 30. c4 Rd4 31. Bg5 Bb4 32. Rd1 d2 33. g3 h6 34. Bxf4 g5 35. Be3 Rd3 36.
Rd4 Rxd4 37. Bxd4 Rc7 38. Be3 Rxc4 39. Kg2 Rc2 40. a3 Bc3 41. a4 Ra2 42. Kf3 Rxa4 43. Bxd2 Rd4 44. Ke2 Rxd2+ 45. Rxd2 Bxd2 46. Kxd2 Kf7 47.
Kd3 Ke6 48. Kc4 b6 49. Kb5 Ke5 50. h4 gxh4 51. gxh4 Kf4 52. Ka6 Kf3 53. Kxa7 b5 54. Kb6 b4 55. Kc5 b3 56. Kd5 b2 57. Ke5 b1=Q 58.
Kf6 Qh7 59. h5 Kxf2 60. Ke5 Kg3 61. Kf6 Kh4 62. Ke5 Kxh5 63. Kf6 Kg4 64. Ke5 h5 65. Kf6 h4 66. Ke5 h3 67. Kf6 h2 68.
Ke6 h1=Q 69. Ke5 Qe1+ 70. Kf6 Qf5+ 71. Kg7 Qe7+ 72. Kh8 Qff8# 0-1

[Event "*** Titled Tuesday Blitz"]
[Site "Chess.com"]
[Date "2020.12.01"]
[Round "3"]
[White "Chuchofrio1"]
[Black "Keures"]
[Result "0-1"]
[WhiteElo "2479"]
[BlackElo "2243"]
[TimeControl "180+1"]
[EndTime "10:29:23 PST"]
[Termination "Keures won by checkmate"]

1. e4 e6 2. d4 d5 3. Nc3 Nf6 4. Bg5 Be7 5. e5 Ne4 6. Bxe7 Nxc3 7. Bxd8 Nxd1 8. Bxc7 Nxb2 9. Rb1 Nc4 10. Bxc4 dxc4 11. Bd6 b6 12. Kd2 Bb7 13. f3 Nc6 14. Kc3 Rc8 15.
Ne2 Ne7 16. Nf4 Nd5+ 17. Nxd5 Bxd5 18. a4 Bc6 19. Rb4 Kd7 20. Rhb1 h5 21. Rxc4 Bxa4 22. Rb4 Bc6 23. Kd2 Bd5 24. Rxc8 Rxc8 25. Kd3 b5 26. Bc5 Bc4+ 27. Kd2 a5 28. Rb1 Kc6 29. c3 Rb8 30. h4 Kd5 31. Ra1 Ra8 32. Bb4 a4 33. Ba3 g6 34.
Rg1 Rh8 35. Rh1 Rg8 36. g4 Rh8 37. gxh5 Rxh5 38. Ke3 Bb3 39. Kd3 Bc4+ 40. Kd2 Kc6 41. Be7 Bd5 42. Rh3 Rf5 43. Ke3 Bc4 44. Bb4 Kd5 45. Ba3 Bf1 46. Rh1 Bc4 47. Rd1 Bb3 48.
Rc1 Kc4 49. Bb4 Ba2 50. Ra1 Kb3 51. Rc1 Kb2 52. Rg1 Bd5 53. Rg2+ Kb3 54. Rf2 Rh5 55.
Be7 a3 56. Rf1 Rf5 57. Rb1+ Kc2 58. Rxb5 a2 59. Ke2 a1=Q 60. Ba3 Qd1+ 61. Ke3 Qd3+ 62. Kf2 Qxf3+ 63. Ke1 Qf1# 0-1

[Event "*** Titled Tuesday Blitz"]
[Site "Chess.com"]
[Date "2020.12.01"]
[Round "3"]
[White "Nikolakis2014"]
[Black "Lysiak_Poltorak"]
[Result "1/2-1/2"]
[WhiteElo "2709"]
[BlackElo "2369"]
[TimeControl "180+1"]
[EndTime "10:29:24 PST"]
[Termination "Game drawn by agreement"]

1. Nf3 Nf6 2. c4 g6 3. g3 Bg7 4.
Bg2 c5 5. O-O Nc6 6. Nc3 O-O 7. d4 cxd4 8. Nxd4 Nxd4 9. Qxd4 d6 10.
Qd3 a6 11. Rd1 Qc7 12. Bf4 Be6 13. b3 Rfc8 14. Rac1 Nd7 15. Qe3 Rab8 16. Nd5 Bxd5 17. cxd5 Qd8 18. Bh3 Rxc1 19. Rxc1 Nf6 20. Qd3 Qa5 21.
e4 Qxa2 22. Rc7 Nh5 23. Bg5 Qa1+ 24. Kg2 Bf6 25. Bxf6 Qxf6 26. Bc8 Qg5 27. Qf3 Qe5 28. Bxb7 Nf6 29. Bxa6 Nxe4 30. Bc4 Nd2 31. Qd3 Nxc4 32. Rxc4 Qb2 33. b4 Rxb4 34. Rc8+ Kg7 35. Qe3 Qf6 36. Rc7 Rb2 37. h4 h5 38. Rc4 Qe5 39. Qxe5+ dxe5 40. Rc7 Rd2 41. Rxe7 Rxd5 42. Kf3 Kf6 43. Ra7 Rd3+ 44. Ke2 Rb3 45. Ra6+ Kf5 46. Ra8 f6 47. Rf8 Rb2+ 48. Kf1 e4 49. Kg1 Rc2 50. Re8 Rc4 51.
Kg2 Rc2 52. Re7 Re2 53. Re8 e3 54. Rxe3 Rxe3 55. fxe3 Ke4 56. Kf2 g5 57. g4 gxh4 58.
gxh5 Kf5 59. Kf3 Kg5 60. h6 Kxh6 61. Kg4 Kg6 62. Kxh4 1/2-1/2